 Dungeon Crawl Stone Soup version 0.27.1-34-g3ba077fa99 (webtiles) character file.

Game seed: 2284329143263030286

182 DildoBatman the Conjurer (level 5, -5/35 HPs)
             Began as a Formicid Conjurer on Jan 16, 2022.
             Killed from afar by Natasha (8 damage)
             ... with a puff of flame
             ... on level 4 of the Dungeon.
             The game lasted 00:06:13 (2561 turns).

DildoBatman the Conjurer (Formicid Conjurer)        Turns: 2561, Time: 00:06:14

Health: -5/35      AC:  2    Str: 17    XL:     5   Next: 93%
Magic:  11/11      EV: 12    Int: 18    God:
Gold:   171        SH:  0    Dex: 10    Spells: 9/12 levels left

rFire    . . .     SeeInvis +   a - +0 falchion
rCold    . . .     Faith    .   (no shield)
rNeg     . . .     Spirit   .   i - +0 robe
rPois    .         Reflect  .   (helmet unavailable)
rElec    .         Harm     .   (no cloak)
rCorr    .         Rampage  .   (no gloves)
Will     +....                  (no boots)
Stlth    ++........             (no amulet)
HPRegen  0.11/turn              l - ring of willpower
MPRegen  0.12/turn              m - +6 ring of strength

@: no status effects
A: permanent stasis, dig shafts and tunnels, antennae 3, four strong arms
a: Dig, Shaft Self


You were on level 4 of the Dungeon.
You visited 1 branch of the dungeon, and saw 4 of its levels.

You collected 171 gold pieces.

Inventory:

Hand Weapons
 a - a +0 falchion (weapon)
 b - a +0 hunting sling
Missiles
 d - 4 boomerangs
 e - 22 poisoned darts
 j - 45 stones
 k - 33 arrows
Armour
 i - a +0 robe (worn)
Jewellery
 l - a ring of willpower (left hand)
 m - a +6 ring of strength (right hand)
Scrolls
 h - a scroll of silence
 n - a scroll of brand weapon
 z - a scroll of identify
Potions
 c - a potion of attraction {unknown}
 f - a potion of lignification {unknown}
 g - 3 potions of curing {unknown}


   Skills:
 - Level 1.7 Dodging
 - Level 2.4 Stealth
 * Level 4.1 Spellcasting
 * Level 5.1 Conjurations


You had 9 spell levels left.
You knew the following spells:

 Your Spells              Type           Power      Damage    Failure   Level
a - Searing Ray           Conj           44%        3d4       2%          2
c - Magic Dart            Conj           88%        1d7       1%          1

Your spell library contained the following spells:

 Spells                   Type           Power      Damage    Failure   Level
 Dazzling Flash           Conj/Hex       26%        N/A       16%         3
 Ozocubu's Armour         Ice            3%         N/A       41%         3
 Fulminant Prism          Conj/Hex       6%         3d7       45%         4
 Iskenderun's Mystic Bla  Conj/Tloc      13%        2d5       45%         4
 Ozocubu's Refrigeration  Ice            1%         4d5       100%        7


Dungeon Overview and Level Annotations

Branches:
Dungeon (4/15)
 Temple: D:4-7

Altars:
Ashenzari
Dithmenos
Nemelex Xobeh
Okawaru
Wu Jian
Yredelemnul

Portals:
Ossuary: D:4

Annotations:
D:4 Natasha


Innate Abilities, Weirdness & Mutations

You cannot be hasted, slowed, berserked, paralysed or teleported.
You can dig through walls and to a lower floor.
You have a pair of large antennae on your head. (SInv)
Your four strong arms can wield two-handed weapons with a shield.


Message History

Confirm with . or Enter, or press ? or * to list all spells.
Aiming: Searing Ray (safe; 2% risk of failure)
Press: ? - help, Shift-Dir - straight line, f - endoplasm
Aim: an endoplasm (asleep, 100% to hit)
The searing ray hits the endoplasm.
You kill the endoplasm! (Press . to maintain the ray.)
Found a scroll labelled SAFIPR DOFEPP.
n - a scroll labelled SAFIPR DOFEPP Adjust to which letter? (? for menu, Esc to quit)
z - 2 scrolls of identify
As you read the scroll of identify, it crumbles to dust.
n - a scroll of brand weapon
Found an amethyst potion.
Found 16 gold pieces and a tin of tremorstones (2/2).
c - an amethyst potion
Found an escape hatch in the floor.
There is a transporter landing site here.
You hear the slow hiss of an avalanche of sand very nearby.
Natasha, Servant of Life and Death comes into view.
She is carrying a wand of flame (15).
Found a trident.
Found 16 arrows.
Found 2 amethyst potions.
Natasha zaps a wand.
The puff of flame hits you!
Found a stone staircase leading down.
Natasha stares at you and mumbles some strange words.
The magic dart hits you!
Natasha zaps a wand.
The puff of flame hits you!
You open the door.
Natasha zaps a wand.
The puff of flame hits you!
There is an open door here.
You close the door.
Natasha opens the door.
Found a sand-covered staircase.
Natasha zaps a wand.
The puff of flame hits you!
You die...

#...#....##.#.##.##.###
#........
#h.......##.......#.#.#
#.###....
#..#########.###..#.#.###.#
#.... #..#
##..##..#.......# #....
#..##### #.........#######
#.... ≈..h..)#
#...###......# #....
§.####h# #h..#.#...##.#
#.... ≈.# #.#
##.###.###..#.# #.... ≈.#
#.###..#...@∩#....# #####
≈.# #.#....###.###h...# ..#
#........#.#......# ##
###..#...#h#......#
##.#..............#
#!##...........###
....#............
#...#.....#....###
#####...>.######


You could see Natasha.

Vanquished Creatures
  An iguana (D:4)
  7 gnolls
  3 adders
  4 dart slugs
  4 ball pythons
  3 bats
  5 endoplasms
  3 giant cockroaches (D:1)
  5 goblins
  4 hobgoblins
  7 jackals
  A quokka (D:1)
  2 frilled lizards
  A kobold (D:2)
  A rat (D:1)
51 creatures vanquished.

Notes
Turn   | Place    | Note
-------+----------+-------------------------------------------
     0 | D:1      | DildoBatman the Formicid Conjurer began the quest for the
                  | Orb.
     0 | D:1      | Reached XP level 1. HP: 13/13 MP: 3/3
   278 | D:1      | Reached skill level 4 in Conjurations
   278 | D:1      | Reached XP level 2. HP: 19/19 MP: 0/5
   281 | D:1      | Learned a level 2 spell: Searing Ray
   558 | D:1      | Reached XP level 3. HP: 14/24 MP: 6/6
   744 | D:1      | Found a faded altar of an unknown god.
  1026 | D:2      | Reached XP level 4. HP: 25/30 MP: 0/8
  1427 | D:2      | Reached XP level 5. HP: 28/35 MP: 1/10
  1914 | D:3      | Reached skill level 5 in Conjurations
  1916 | D:3      | Found an iron altar of Okawaru.
  2053 | D:3      | Found an ornate altar of the Wu Jian Council.
  2059 | D:3      | Found a sparkling altar of Nemelex Xobeh.
  2060 | D:3      | Found a shadowy altar of Dithmenos.
  2064 | D:3      | Found a broken altar of Ashenzari.
  2066 | D:3      | Found a basalt altar of Yredelemnul.
  2526 | D:4      | Noticed Natasha
  2560 | D:4      | Found a sand-covered staircase.
  2561 | D:4      | Killed from afar by Natasha

Illustrated notes

Levels and vault maps discovered:
D:1:      dpeg_arrival_long_road, layout_basic,
          hellmonk_ecumenical_altar_heavens_door, nrook_mini_vaults
D:2:      layout_basic
D:3:      layout_loops_ring, okawaru_ov_weapons_minmay, minitemple
D:4:      layout_basic, nicolae_ossuary_entry_plus, serial_shops,
          kennysheep_mini_moat, gammafunk_ghost_arena,
          hangedman_abyss_or_decor_stabs, uniq_blork_the_orc, uniq_duvessa,
          uniq_natasha

Skill      XL: |  1  2  3  4  5 |
---------------+----------------+-----
Conjurations   | 4 5 |  5.1
Spellcasting   | 3 4 |  4.1
Dodging        | |  1.7
Stealth        | |  2.4

Action                   |  1- 3 |  4- 6 || total
-------------------------+-------+-------++-------
Melee: Unarmed           |     2 |       ||     2
       Club              |    21 |     4 ||    25
       Falchion          |       |     8 ||     8
 Cast: Magic Dart        |    13 |     7 ||    20
       Searing Ray       |     9 |    10 ||    19
 Abil: Dig               |     2 |    10 ||    12
  Use: Scroll            |       |     3 ||     3
 Stab: Sleeping          |       |     1 ||     1
Armor: Robe              |     5 |     2 ||     7
Dodge: Dodged            |    18 |    18 ||    36
       Rpst.: Falchion   |       |     3 ||     3
